cohdb
Replays
Latest Replays
All Replays
Popular Replays
Top Player Replays
Match Explorer
How It Works
Community
CoH3 Stats
Reddit
Sign in to upload your games and track your stats! →
Sign in with Steam
Match 43539735
Unlisted
Match 43539735
Overview
Messages
Build Orders
End
Royal Engineer Section
Construct Section Command Post
Infantry Section
Infantry Section
Grenade Package
ML 3-inch Mortar Team
Selects Air and Sea Battlegroup
Selects Supply Surplus
Construct Field Infirmary
Construct Platoon Command Post
Humber Armored Car
Humber Armored Car
Construct Field Infirmary
Construct Company Command Post
Construct Field Infirmary
Selects Commando Section Paradrop
Selects M1 Pack Howitzer Paradrop
Selects Incendiary Bombing Run
Selects UNKNOWN (223837)
Construct Resource Cache
Crusader II Medium Tank
Incendiary Bombing Run
Commando Section Paradrop
Construct Field Infirmary
Construct Field Infirmary
BUBBA_ACTUAL
JollyRedRockett
[DA] CaseAG
能力越小 责任越少
mr_ako
Ferevat
DarioGreggio
ndrliang
0
0
Comments
sign in to comment!
No comments posted yet!